 Dungeon Crawl Stone Soup version 0.28.0 (webtiles) character file.

Game seed: 5647301912950709982

459 Krehm the Stinger (level 7, -2/52 HPs)
             Began as a Merfolk Venom Mage on Feb 17, 2022.
             Slain by an iguana (11 damage)
             ... on level 6 of the Dungeon.
             The game lasted 00:16:20 (4741 turns).

Krehm the Stinger (Merfolk Venom Mage)              Turns: 4741, Time: 00:16:20

Health: -2/52      AC:  4    Str:  8    XL:     7   Next: 6%
Magic:  1/4        EV: 12    Int: 17    God:
Gold:   111        SH:  0    Dex: 14    Spells: 1/13 levels left

rFire   + . .      SeeInvis .   t - +2 dagger (antimagic)
rCold   . . .      Faith    .   (no shield)
rNeg    . . .      Spirit   .   a - +0 robe
rPois   .          Reflect  .   i - +0 helmet
rElec   .          Harm     .   (no cloak)
rCorr   .          Rampage  .   b - +0 pair of gloves
Will    .....                   (no boots)
Stlth   ++........              (no amulet)
HPRegen 0.17/turn               r - ring of protection from fire
MPRegen 0.09/turn               (no ring)

@: no status effects
A: (nimble swimmer 2), mertail
a: no special abilities


You were on level 6 of the Dungeon.
You visited 1 branch of the dungeon, and saw 6 of its levels.

You collected 111 gold pieces.

Inventory:

Hand Weapons
 q - a +1 hand axe of electrocution
 t - a +2 antimagic dagger (weapon)
Missiles
 f - 76 stones
 m - 7 poisoned darts (quivered)
Armour
 a - a +0 robe (worn)
 b - a +0 pair of gloves (worn)
 i - a +0 helmet (worn)
Jewellery
 e - a ring of ice
 r - a ring of protection from fire (left hand)
Wands
 p - a wand of paralysis (13)
Potions
 d - 5 potions of flight
 k - a potion of might {unknown}
 n - a potion of mutation {unknown}
 o - a potion of attraction
 s - a potion of resistance {unknown}


   Skills:
 - Level 3.3 Fighting
 - Level 2.6 Dodging
 - Level 2.1 Stealth
 + Level 3.6 Spellcasting
 - Level 2.0 Conjurations
 - Level 1.3 Transmutations
 - Level 2.0 Air Magic
 + Level 5.0 Poison Magic
 + Level 0.4 Evocations


You had one spell level left.
You knew the following spells:

 Your Spells              Type           Power      Damage    Failure   Level
a - Sting                 Tmut/Pois      52%        1d5       4%          1
b - Poisonous Vapours     Pois/Air       30%        N/A       6%          2
c - Mephitic Cloud        Conj/Pois/Air  13%        N/A       14%         3
d - Olgreb's Toxic Radia  Pois           20%        N/A       21%         4
e - Searing Ray           Conj           18%        2d5       11%         2

Your spell library contained the following spells:

 Spells                   Type           Power      Damage    Failure   Level
 Magic Dart               Conj           36%        1d4       8%          1
 Fulminant Prism          Conj/Hex       3%         3d6       73%         4


Dungeon Overview and Level Annotations

Branches:
Dungeon (7/15)
 Temple: D:4-7

Altars:
Kikubaaqudgha
Trog

Portals:
Ossuary: D:6


Innate Abilities, Weirdness & Mutations

((You are very nimble when in or above water. (Stealth+, EV+, Speed+++)))
Your lower body shifts to a powerful aquatic tail in water.


Message History

Aim: an iguana (lightly wounded, very poisoned, 79% to hit)
You miscast Searing Ray.
You are very lightly contaminated with residual magic.
Nothing appears to happen.
The iguana closely misses you.
Casting: Searing Ray (safe; 11% risk of failure)
Confirm with . or Enter, or press ? or * to list all spells.
You don't have enough magic to cast this spell.
Unknown command.
You hit the iguana.
The iguana is moderately wounded.
The iguana bites you!
You closely miss the iguana.
The iguana is moderately wounded.
The iguana bites you.
You hit the iguana but do no damage.
The iguana is moderately wounded.
The iguana bites you!
* * * LOW HITPOINT WARNING * * *
You hit the iguana.
The iguana is moderately wounded.
The iguana bites you but does no damage.
You completely miss the iguana.
The iguana is moderately wounded.
The iguana bites you.
* * * LOW HITPOINT WARNING * * *
You barely miss the iguana.
The iguana is moderately wounded.
The iguana closely misses you.
Your magical contamination has completely faded away.
You hit the iguana.
The iguana is heavily wounded.
The iguana bites you but does no damage.
You hit the iguana but do no damage.
The iguana is heavily wounded.
The iguana looks more healthy.
The iguana bites you.
* * * LOW HITPOINT WARNING * * *
You hit the iguana but do no damage.
The iguana is heavily wounded.
The iguana bites you!
You die...

### ##∩## .. ## #...## ...
#. .... ..#
#.#####'#####.##.
#.@lM.............#
####...#..........
#..............##
#......>...##.... #
###...........#.... ...##
##.........##......#
......##........#...l.....#
#..............##........#
..#....##........#.........


You could see a mummy and an iguana.

Vanquished Creatures
  A bullfrog (D:6)
  A scorpion (D:4)
  A hound (D:6)
  A bullfrog zombie (D:6)
  2 orc priests (D:3)
  2 iguanas
  An orc wizard (D:3)
  4 adders
  A worm (D:2)
  2 dart slugs
  6 orcs (D:3)
  13 ball pythons
  7 bats
  4 endoplasms
  A giant cockroach (D:2)
  8 goblins
  6 hobgoblins
  7 jackals
  5 kobolds
  4 quokkas
  8 frilled lizards
  4 rats
89 creatures vanquished.

Vanquished Creatures (others)
  7 plants (D:4)
7 creatures vanquished.

Grand Total: 96 creatures vanquished

Notes
Turn   | Place    | Note
-------+----------+-------------------------------------------
     0 | D:1      | Krehm the Merfolk Venom Mage began the quest for the Orb.
     0 | D:1      | Reached XP level 1. HP: 13/13 MP: 3/3
   232 | D:1      | Reached XP level 2. HP: 17/20 MP: 1/5
   235 | D:1      | Learned a level 2 spell: Poisonous Vapours
   354 | D:1      | Reached skill level 1 in Fighting
   841 | D:1      | Reached XP level 3. HP: 26/26 MP: 3/6
  1131 | D:2      | Learned a level 3 spell: Mephitic Cloud
  1437 | D:2      | Reached skill level 1 in Air Magic
  1437 | D:2      | Reached skill level 4 in Poison Magic
  1437 | D:2      | Reached XP level 4. HP: 33/33 MP: 3/8
  2388 | D:3      | Reached skill level 1 in Conjurations
  2388 | D:3      | Reached XP level 5. HP: 38/38 MP: 5/9
  2412 | D:3      | Learned a level 4 spell: Olgreb's Toxic Radiance
  3079 | D:3      | Reached XP level 6. HP: 46/46 MP: 6/10
  3712 | D:4      | Found a bloodstained altar of Trog.
  3712 | D:4      | Found an ancient bone altar of Kikubaaqudgha.
  4238 | D:4      | You fall into a shaft and drop 2 floors!
  4489 | D:6      | Reached skill level 5 in Poison Magic
  4489 | D:6      | Reached XP level 7. HP: 41/52 MP: 1/12
  4525 | D:6      | Found a sand-covered staircase.
  4571 | D:7      | Learned a level 2 spell: Searing Ray
  4741 | D:6      | Slain by an iguana

Illustrated notes

Levels and vault maps discovered:
D:1:      wander_arrival_peaceful_grave, layout_basic,
          hangedman_abyss_or_decor_stabs
D:2:      minmay_alternating_diamond, layout_loops_ring
D:3:      layout_basic, hex_medium
D:4:      layout_loops_cross, lemuel_mausoleum_altar_yredelemnul,
          gammafunk_temple_overflow_wave, minmay_lizard_king
D:6:      layout_cave_pools, mainiacjoe_overflow_alcove_2,
          chequers_temple_overflow_statue_of_worship,
          minmay_temple_entry_statues, gup_ossuary_entry_pyramid,
          gup_sewer_entry_bubbles
D:7:      cheibrodos_fertilizer, layout_basic, nemelex_dance_club_becter

Skill      XL: |  1  2  3  4  5  6 |
---------------+-------------------+-----
Fighting       | 1 2 3 |  3.3
Air Magic      | 1 2 |  2.0
Poison Magic   | 4 5 |  5.0
Conjurations   | 1 2 |  2.0
Spellcasting   | 3 |  3.6
Dodging        | |  2.6
Stealth        | |  2.1
Transmutations | |  1.3
Evocations     | |  0.4

Action                   |  1- 3 |  4- 6 |  7- 9 || total
-------------------------+-------+-------+-------++-------
Melee: Short sword       |    30 |    54 |       ||    84
       Punch             |       |     1 |       ||     1
       Dagger            |       |    66 |    16 ||    82
 Cast: Sting             |    53 |    66 |     2 ||   121
       Poisonous Vapours |       |     4 |       ||     4
  Use: Scroll            |       |     4 |       ||     4
       Potion            |       |     3 |       ||     3
 Stab: Sleeping          |     1 |     1 |       ||     2
Armor: Robe              |    10 |    24 |     3 ||    37
       Skin              |       |    19 |       ||    19
Dodge: Dodged            |    26 |    57 |     4 ||    87
